 Dungeon Crawl Stone Soup version 0.27-a0-32-g443bf2d2ca (webtiles) character file.

Game seed: 12190574220845073360

25 Descartes the Sneak (level 2, 0/14 HPs)
             Began as a Felid Delver on Jan 4, 2021.
             Slain by Eustachio
             ... wielding a +0 rapier
              (5 damage)
             ... on level 5 of the Dungeon.
             The game lasted 00:02:18 (671 turns).

Descartes the Sneak (Felid Delver)                   Turns: 671, Time: 00:02:18

Health: 0/14       AC:  1    Str:  8    XL:     2   Next: 86%
Magic:  3/3        EV: 18    Int: 11    God:
Gold:   33         SH:  0    Dex: 17    Spells: 1/1 levels left
                                        Lives:  0   Deaths: 0

rFire    . . .     SeeInvis +     - Unarmed
rCold    . . .     Faith    .   (shield unavailable)
rNeg     . . .     Spirit   .   (armour unavailable)
rPois    .         Reflect  .   (helmet unavailable)
rElec    .         Harm     .   (cloak unavailable)
rCorr    .         Rampage  .   (gloves unavailable)
Will     .....                  (boots unavailable)
Stlth    ++++......             (no amulet)
HPRegen  0.04/turn              (no ring)
MPRegen  0.08/turn              (no ring)

@: hasted, very quick
A: very small, no armour, no weapons or thrown items, stealth, claws 1, fangs 3,
see invisible, speed 1, shaggy fur 1, sharp paws
a: no special abilities


You were on level 5 of the Dungeon.
You visited 2 branches of the dungeon, and saw 2 of its levels.

You collected 33 gold pieces.

Inventory:

Missiles
 i - 18 stones
Wands
 e - a wand of digging (3)
 f - a wand of flame (16)
Scrolls
 a - a scroll of fog
 b - a scroll of magic mapping
 c - a scroll of fear
 g - a scroll of enchant weapon {unknown}
 j - a scroll of immolation {unknown}
 k - a scroll of remove curse {unknown}
Potions
 h - a potion of invisibility {unknown}


   Skills:
 - Level 3.0 Fighting
 + Level 3.2 Dodging
 * Level 7.2 Stealth
 + Level 2.4 Unarmed Combat


You had one spell level left.
You didn't know any spells.
Your spell library was empty.

Dungeon Overview and Level Annotations

Branches:
Dungeon (5/15)             Temple (1/1) D:5

Altars:
Ashenzari
Cheibriados
Dithmenos
Elyvilon
Fedhas
Gozag
Hepliaklqana
Kikubaaqudgha
Nemelex Xobeh
Okawaru
Qazlal
Ru
Sif Muna
Trog
Uskayaw
Wu Jian
Xom
Zin

Annotations:
D:5 Eustachio


Innate Abilities, Weirdness & Mutations

You cannot wear armour.
You are incapable of wielding weapons or throwing items.
Your paws allow you to move quietly. (Stealth)
You have sharp claws.
You have razor-sharp teeth.
You have supernaturally acute eyesight. (SInv)
You cover ground quickly.
You are covered in fur. (AC +1)
Your sharp claws are effective at attacking unaware monsters.


Message History

Eustachio is severely wounded.
Eustachio gestures wildly while chanting.
You barely miss Eustachio.
Eustachio is severely wounded.
The bat completely misses you.
You barely miss Eustachio.
Eustachio is severely wounded.
The bat closely misses you.
Eustachio twirls his moustache.
Eustachio hits you with a +0 rapier.
You scratch Eustachio but do no damage.
Eustachio is severely wounded.
The bat completely misses you. The bat misses you.
You closely miss Eustachio.
Eustachio is severely wounded.
Eustachio gestures wildly while chanting.
You closely miss Eustachio.
Eustachio is severely wounded.
Eustachio hits you with a +0 rapier.
You die...

#.......5.##
............
#.#...####..
##.#.#.......
#.....#####..
.########.....#
#..
..............#
#S.
.###########.....#
#..
....55@@rb......##
#..
.#############..#
#.. #..# .. #..#
#.#########..#
#.#..........#
#.#.#######.##
#.#.####.#...#
####
#.#......#...#
#...


You could see Eustachio, an iron imp (summoned), an ufetubus (summoned), a bat
(summoned) and a rat (summoned).

Vanquished Creatures
  A hound zombie (D:5)
  A shadow imp (D:5)
  A leopard gecko (D:5)
  A frilled lizard (D:5)
4 creatures vanquished.

Notes
Turn   | Place    | Note
-------+----------+-------------------------------------------
     0 | D:5      | Descartes the Felid Delver began the quest for the Orb.
     0 | D:5      | Reached XP level 1. HP: 10/10 MP: 2/2
   145 | D:5      | Found a staircase to the Ecumenical Temple.
   154 | Temple   | Entered the Ecumenical Temple
   357 | D:5      | Noticed a centaur
   439 | D:5      | Noticed a scorpion
   501 | D:5      | Reached skill level 7 in Stealth
   501 | D:5      | Reached XP level 2. HP: 11/14 MP: 3/3
   646 | D:5      | Noticed Eustachio
   671 | D:5      | Slain by Eustachio

Illustrated notes

Levels and vault maps discovered:
D:5:      layout_basic, minmay_temple_entry_butterflies, uniq_eustachio
Temple:   eino_narrow_crystal_temple

Skill      XL: |  1 |
---------------+----+-----
Dodging        | 3 |  3.2
Stealth        | 7 |  7.2
Fighting       | |  3.0
Unarmed Combat | |  2.4

Action                   || total
-------------------------++-------
Melee: Unarmed           ||    29
       Bite              ||     2
  Use: Potion            ||     1
 Stab: Sleeping          ||     3
Armor: Skin              ||     2
Dodge: Dodged            ||    17

Table legend: (Time is in decaauts)
 A = Elapsed time spent in this place.
 B = Non-inter-level travel time spent in this place.
 C = Inter-level travel time spent in this place.
 D = Time resting spent in this place.
 E = Time spent auto-exploring this place.
 F = Levels seen in this place.
 G = Mean time per level.
                   A        B        C        D        E       F      G
               +--------+--------+--------+--------+--------+-----+--------+
         Total |    538 |    531 |      7 |      0 |    241 |   2 |  269.0 |
       Dungeon |    390 |    390 |      0 |      0 |    102 |   1 |  390.0 |
        Temple |    148 |    141 |      7 |      0 |    139 |   1 |  148.0 |
               +--------+--------+--------+--------+--------+-----+--------+

Top non-repeatable levels by time:
     D:5: 390 daAuts
  Temple: 148 daAuts
